Sewer Rats vs Influenza (R1)

Created - December 1, 2020 at 21:08

Goals
1 2 3 T
Sewer Rats 2 2 3 7
Influenza 0 0 1 1
Shots
1 2 3 T
Sewer Rats 11 14 11 36
Influenza 10 6 7 23

1st period

1. Sewer Rats , Dmitrij Jaskin 4 (Tyler Motte 1, John Ramage 4) at 15:49
2. Sewer Rats , Nick Cousins 7 (Joel Edmundson 7, Anthony Duclair 5) at 16:44

Penalties :
Daniel Carr (Tol) for Holding (Minor) at 13:16, Anthony Bitetto (VJB) for Holding (Minor) at 18:49

2nd period

3. Sewer Rats , Jared McCann 4 (Nick Cousins 9, Jarred Tinordi 13) at 11:20
4. Sewer Rats , Jonathan Marchessault 9 (Daniel Carr 16, Mark Mancari 10) at 15:06

Penalties :
Daniel Carr (Tol) for Hooking (Minor) at 3:28, Iiro Pakarinen (VJB) for Tripping (Minor) at 7:56, Jarred Tinordi (Tol) for Hooking (Minor) at 15:49

3rd period

5. Influenza , Max Domi 10 (Bo Horvat 14) at 3:41 (PP)
6. Sewer Rats , Jarred Tinordi 1 (Jonathan Marchessault 18, Daniel Carr 17) at 10:11
7. Sewer Rats , Drake Caggiula 4 (Erik Condra 16, Joseph Blandisi 8) at 14:24
8. Sewer Rats , Jonathan Marchessault 10 (Thomas Chabot 7, Stefan Elliott 15) at 18:07 (PP)

Penalties :
Anthony Bitetto (VJB) for Hooking (Minor) at 0:27, Nick Cousins (Tol) for Boarding (Minor) at 2:59, Justin Bailey (VJB) for Roughing (Minor) at 10:24, Markus Nutivaara (VJB) for Holding (Minor) at 17:21, Jarred Tinordi (Tol) for Slashing (Minor) at 19:14

Goalie Stats

Marek Mazanek (Tol), 22 saves from 23 shots - (0.957), W, 10-6-1, 60:00 minutes
Malcolm Subban (VJB), 29 saves from 36 shots - (0.806), L, 6-9-0, 60:00 minutes

Players Stats for Sewer Rats

Player Name              G  A  P  +/- PIM S  H  SB GA TA FO     MP     PP MP  PK MP  
------------------------------------------------------------------------------------
Anthony Duclair          0  1  1   2  0   5  1  1  0  0  0/1    12:04   0:00   1:47 
Connor Carrick           0  0  0   1  0   1  1  1  0  1  0/0     9:03   0:00   1:06 
Daniel Carr              0  2  2   2  4   2  1  1  0  1  2/4    22:13   4:56   1:14 
Dmitrij Jaskin           1  0  1   1  0   1  0  0  2  0  0/0     6:48   0:00   0:00 
Drake Caggiula           1  0  1   1  0   3  1  0  0  1  10/12  15:36   3:46   0:44 
Erik Condra              0  1  1   1  0   3  1  1  1  0  2/2    17:08   3:46   2:16 
Jared McCann             1  0  1   2  0   2  0  0  0  0  5/9    10:13   0:00   0:00 
Jarred Tinordi           1  1  2   2  4   2  2  2  1  1  0/0    17:56   2:58   1:47 
Joel Edmundson           0  1  1   2  0   1  1  1  0  2  0/0    22:20   0:00   4:19 
John Ramage              0  1  1   1  0   1  0  1  0  0  0/0     7:53   0:00   0:00 
Jonathan Marchessault    2  1  3   2  0   6  1  0  0  0  12/34  24:39   4:56   4:00 
Joseph Blandisi          0  1  1   1  0   3  1  0  2  0  1/1    15:21   3:46   0:47 
Mark Mancari             0  1  1   2  0   1  4  0  0  0  5/6    24:39   4:56   4:00 
Nick Cousins             1  1  2   2  2   2  1  0  0  0  0/0    10:12   0:00   0:00 
Ryan Murphy              0  0  0   2  0   0  2  0  0  1  0/0    19:16   2:58   3:05 
Stefan Elliott           0  1  1   2  0   2  3  1  0  1  0/0    28:24   5:44   4:19 
Thomas Chabot            0  1  1   1  0   0  0  1  0  0  0/0    10:43   5:44   0:12 
Tyler Motte              0  1  1   1  0   0  2  0  0  1  0/1     6:48   0:00   0:00 
Xavier Ouellet           0  0  0   1  0   0  0  0  0  0  0/0     4:27   0:00   0:00 
Zach Aston-Reese         0  0  0   1  0   1  1  0  0  0  1/2     6:48   0:00   0:00 

Players Stats for Influenza

Player Name              G  A  P  +/- PIM S  H  SB GA TA FO     MP     PP MP  PK MP  
------------------------------------------------------------------------------------
Anthony Bitetto          0  0  0  -2  4   2  0  2  0  1  0/0    26:58   4:05   3:01 
Bo Horvat                0  1  1  -2  0   0  3  2  1  1  18/34  20:52   4:04   2:04 
Brock Boeser             0  0  0  -3  0   1  0  0  0  0  0/0     8:26   0:06   0:00 
Colton Sissons           0  0  0  -3  0   2  2  0  0  1  7/14   14:17   0:10   5:32 
Dmitry Sinitsyn          0  0  0  -2  0   1  0  3  0  2  0/0    19:44   3:19   2:31 
Iiro Pakarinen           0  0  0   0  2   2  4  1  0  0  1/1    16:21   3:14   0:43 
Johan Larsson            0  0  0  -1  0   0  1  0  1  0  0/1     8:31   0:00   0:15 
JT Compher               0  0  0   0  0   0  1  0  0  0  0/1    15:34   3:14   0:00 
Justin Bailey            0  0  0  -2  2   1  4  1  0  0  0/1    18:48   4:04   0:00 
Lucas Lessio             0  0  0  -3  0   4  1  0  2  0  0/0    11:33   0:06   2:59 
Markus Nutivaara         0  0  0  -3  2   2  1  1  0  0  0/0    23:01   2:37   1:05 
Max Domi                 1  0  1  -2  0   4  2  0  3  0  2/3    18:45   4:04   0:00 
Noah Hanifin             0  0  0  -1  0   1  1  0  0  0  0/0     5:53   0:42   1:15 
Pavel Zacha              0  0  0   0  0   1  1  0  0  0  3/11   15:52   3:10   0:23 
Roland McKeown           0  0  0  -2  0   0  0  2  0  0  0/0    13:21   0:00   3:21 
Shane Prince             0  0  0  -1  0   0  1  0  0  0  2/5     8:16   0:00   0:00 
Tim Erixon               0  0  0  -2  0   0  1  4  2  1  0/0    31:08   4:05   6:11 
Tom Kuhnhackl            0  0  0  -1  0   2  0  1  0  0  1/1    13:53   0:00   5:28 

3 Stars

1 - Jonathan Marchessault (Tol)
2 - Nick Cousins (Tol)
3 - Jarred Tinordi (Tol)

Power Play

Sewer Rats - 1 on 5 Attempt(s) - 20.00%
Influenza - 1 on 5 Attempt(s) - 20.00%

Penalty Kill

Sewer Rats - 4 on 5 Attempt(s) - 80.00% - Score 0 goal in Penalty Kill
Influenza - 4 on 5 Attempt(s) - 80.00% - Score 0 goal in Penalty Kill

Team Stat

Sewer Rats - Hits : 23 - Faceoff Wins : 38 - Blocked Shots : 10 - Penalty Minutes : 10
Influenza - Hits : 23 - Faceoff Wins : 34 - Blocked Shots : 17 - Penalty Minutes : 10

Official

Referees : Unknown
Linesman : Unknown

Game Notes

Noah Hanifin is injured at 0:05 of 2nd period (Sprained Right Ankle)

Finance

Level 1 -- Attendance: 1292 (64.60%) -- Ticket Income $51,680
Level 2 -- Attendance: 665 (66.50%) -- Ticket Income $13,300
Total Attendance: 1957 (65.23%)
Total Ticket Income: $64,980
Other Income: $3,249
Total Income: $68,229

Sewer Rats

5 vs 5 Forward 
   Center                   Left Wing                Right Wing               Time % Phy DF OF 
 1 Jonathan Marchessault    Daniel Carr              Mark Mancari             40     1   2  2  
 2 Drake Caggiula           Joseph Blandisi          Erik Condra              30     1   2  2  
 3 Jared McCann             Anthony Duclair          Nick Cousins             20     1   2  2  
 4 Zach Aston-Reese         Tyler Motte              Dmitrij Jaskin           10     1   2  2  

5 vs 5 Defense 
   Defense                  Defense                                           Time % Phy DF OF 
 1 Stefan Elliott           Joel Edmundson                                    40     1   2  2  
 2 Jarred Tinordi           Ryan Murphy                                       30     1   2  2  
 3 John Ramage              Connor Carrick                                    20     1   2  2  
 4 Thomas Chabot            Xavier Ouellet                                    10     1   2  2  

PowerPlay Forward 
   Center                   Left Wing                Right Wing               Time % Phy DF OF 
 1 Jonathan Marchessault    Daniel Carr              Mark Mancari             60     1   2  2  
 2 Drake Caggiula           Joseph Blandisi          Erik Condra              40     1   2  2  

PowerPlay Defense
   Defense                  Defense                                           Time % Phy DF OF 
 1 Stefan Elliott           Thomas Chabot                                     60     1   2  2  
 2 Jarred Tinordi           Ryan Murphy                                       40     1   2  2  

Penalty Kill 4 Players Forward 
   Center                   Wing                     Time % Phy DF OF 
 1 Mark Mancari             Jonathan Marchessault    60     1   2  2  
 2 Daniel Carr              Erik Condra              40     1   2  2  

Penalty Kill 4 Players Defense
   Defense                  Defense                  Time % Phy DF OF 
 1 Stefan Elliott           Joel Edmundson           60     1   2  2  
 2 Jarred Tinordi           Ryan Murphy              40     1   2  2  

Penalty Kill - 3 Players Forward 
   Forward                                           Time % Phy DF OF 
 1 Mark Mancari                                      60     1   2  2  
 2 Jonathan Marchessault                             40     1   2  2  

Penalty Kill - 3 Players Defense
   Defense                  Defense                  Time % Phy DF OF 
 1 Stefan Elliott           Joel Edmundson           60     1   2  2  
 2 Jarred Tinordi           Ryan Murphy              40     1   2  2  

4 vs 4 Forward 
   Center                   Wing                     Time % Phy DF OF 
 1 Mark Mancari             Jonathan Marchessault    60     1   2  2  
 2 Daniel Carr              Erik Condra              40     1   2  2  

4 vs 4 Defense
   Defense                  Defense                  Time % Phy DF OF 
 1 Stefan Elliott           Joel Edmundson           60     1   2  2  
 2 Jarred Tinordi           Ryan Murphy              40     1   2  2  

Last Minutes Offensive
   Center                   Left Wing                Right Wing               Defense                  Defense                  
   Jonathan Marchessault    Daniel Carr              Mark Mancari             Stefan Elliott           Joel Edmundson           

Last Minutes Defensive
   Center                   Left Wing                Right Wing               Defense                  Defense                  
   Jonathan Marchessault    Daniel Carr              Mark Mancari             Stefan Elliott           Joel Edmundson           

Goaltenders
Starting : Marek Mazanek            
Backup : Darcy Kuemper            

Extra Forwards
Normal : Nick Cousins, Dmitrij Jaskin, Anthony Duclair - PP : Nick Cousins, Dmitrij Jaskin - PK : Anthony Duclair
Extra Defensemen
Normal : John Ramage, Connor Carrick, Thomas Chabot - PP : John Ramage - PK : Connor Carrick, Thomas Chabot
Penalty Shots
Mark Mancari, Jonathan Marchessault, Daniel Carr, Erik Condra, Nick Cousins

Scratches
Dominik Kubalik (Healthy), Josh Archibald (Healthy), Jonathan Racine (Healthy), Chris Calhan (Healthy), Mark Friedman (Healthy)
Michael Dal Colle (Healthy), Matteson Iacopelli (Healthy), Adin Hill (Healthy), Antoine Bibeau (Healthy)

Influenza

5 vs 5 Forward 
   Center                   Left Wing                Right Wing               Time % Phy DF OF 
 1 Bo Horvat                Max Domi                 Justin Bailey            40     1   2  2  
 2 Pavel Zacha              JT Compher               Iiro Pakarinen           30     1   2  2  
 3 Colton Sissons           Lucas Lessio             Brock Boeser             20     1   2  2  
 4 Shane Prince             Johan Larsson            Tom Kuhnhackl            10     1   2  2  

5 vs 5 Defense 
   Defense                  Defense                                           Time % Phy DF OF 
 1 Tim Erixon               Anthony Bitetto                                   40     1   2  2  
 2 Dmitry Sinitsyn          Markus Nutivaara                                  30     1   2  2  
 3 Noah Hanifin             Roland McKeown                                    20     1   2  2  
 4 Anthony Bitetto          Tim Erixon                                        10     1   2  2  

PowerPlay Forward 
   Center                   Left Wing                Right Wing               Time % Phy DF OF 
 1 Bo Horvat                Max Domi                 Justin Bailey            60     1   2  2  
 2 Pavel Zacha              JT Compher               Iiro Pakarinen           40     1   2  2  

PowerPlay Defense
   Defense                  Defense                                           Time % Phy DF OF 
 1 Tim Erixon               Anthony Bitetto                                   60     1   2  2  
 2 Dmitry Sinitsyn          Noah Hanifin                                      40     1   2  2  

Penalty Kill 4 Players Forward 
   Center                   Wing                     Time % Phy DF OF 
 1 Colton Sissons           Tom Kuhnhackl            60     1   2  2  
 2 Bo Horvat                Lucas Lessio             40     1   2  2  

Penalty Kill 4 Players Defense
   Defense                  Defense                  Time % Phy DF OF 
 1 Tim Erixon               Anthony Bitetto          60     1   2  2  
 2 Roland McKeown           Dmitry Sinitsyn          40     1   2  2  

Penalty Kill - 3 Players Forward 
   Forward                                           Time % Phy DF OF 
 1 Colton Sissons                                    60     1   2  2  
 2 Bo Horvat                                         40     1   2  2  

Penalty Kill - 3 Players Defense
   Defense                  Defense                  Time % Phy DF OF 
 1 Tim Erixon               Anthony Bitetto          60     1   2  2  
 2 Roland McKeown           Dmitry Sinitsyn          40     1   2  2  

4 vs 4 Forward 
   Center                   Wing                     Time % Phy DF OF 
 1 Bo Horvat                Max Domi                 60     1   2  2  
 2 Colton Sissons           Iiro Pakarinen           40     1   2  2  

4 vs 4 Defense
   Defense                  Defense                  Time % Phy DF OF 
 1 Tim Erixon               Anthony Bitetto          60     1   2  2  
 2 Markus Nutivaara         Dmitry Sinitsyn          40     1   2  2  

Last Minutes Offensive
   Center                   Left Wing                Right Wing               Defense                  Defense                  
   Bo Horvat                Max Domi                 Iiro Pakarinen           Tim Erixon               Anthony Bitetto          

Last Minutes Defensive
   Center                   Left Wing                Right Wing               Defense                  Defense                  
   Bo Horvat                Max Domi                 Iiro Pakarinen           Tim Erixon               Anthony Bitetto          

Goaltenders
Starting : Malcolm Subban           
Backup : Charlie Lindgren         

Extra Forwards
Normal : Pavel Zacha, Iiro Pakarinen, Justin Bailey - PP : Iiro Pakarinen, Colton Sissons - PK : Iiro Pakarinen
Extra Defensemen
Normal : Markus Nutivaara, Noah Hanifin, Roland McKeown - PP : Markus Nutivaara - PK : Noah Hanifin, Roland McKeown
Penalty Shots
Bo Horvat, Colton Sissons, JT Compher, Tom Kuhnhackl, Max Domi

Scratches
Ryan Dzingel (Healthy), Jeff Corbett (Healthy), Aleksi Saarela (Healthy), Henri Ikonen (Healthy), Jakob Forsbacka-Karlsson (Healthy)
Blake Lizotte (Healthy), Radovan Bondra (Healthy), Simon Bourque (Healthy), Mitchell Moroz (Healthy), Jesse Graham (Healthy)
Jake Walman (Healthy), Conner Bleackley (Healthy), Brycen Martin (Healthy), Jaden Lindo (Healthy), Jamie Phillips (Healthy)

% Time on Ice - Sewer Rats

Lines # - Real PCT - Wanted PCT - Time Play
Normal Forward
1 - 36% - 40% - 15:47
2 - 25% - 30% - 11:06
3 - 23% - 20% - 10:13
4 - 15% - 10% - 6:48
Normal Defense
1 - 42% - 40% - 18:21
2 - 30% - 30% - 13:13
3 - 18% - 20% - 7:53
4 - 10% - 10% - 4:27
PP Forward
1 - 57% - 60% - 4:56
2 - 43% - 40% - 3:46
PP Defense
1 - 66% - 60% - 5:44
2 - 34% - 40% - 2:58
PK Forward
1 - 69% - 60% - 5:08
2 - 31% - 40% - 2:16
PK Defense
1 - 58% - 60% - 4:19
2 - 42% - 40% - 3:05
PK3 Forward
1 - 0% - 60%
2 - 0% - 40%
PK3 Defense
1 - 0% - 60%
2 - 0% - 40%
44 Forward
1 - 0% - 60%
2 - 0% - 40%
44 Defense
1 - 0% - 60%
2 - 0% - 40%
Last Minute Offensive  - 0:00
Last Minute Defensive  - 0:00
Total
Forward - 60:00
Defense - 60:00

% Time on Ice - Influenza

Lines # - Real PCT - Wanted PCT - Time Play
Normal Forward
1 - 35% - 40% - 15:10
2 - 28% - 30% - 12:23
3 - 18% - 20% - 8:05
4 - 19% - 10% - 8:16
Normal Defense
1 - 42% - 40% - 18:35
2 - 31% - 30% - 13:38
3 - 24% - 20% - 10:39
4 - 2% - 10% - 1:02
PP Forward
1 - 56% - 60% - 4:10
2 - 44% - 40% - 3:14
PP Defense
1 - 55% - 60% - 4:05
2 - 45% - 40% - 3:19
PK Forward
1 - 76% - 60% - 6:38
2 - 24% - 40% - 2:04
PK Defense
1 - 71% - 60% - 6:11
2 - 29% - 40% - 2:31
PK3 Forward
1 - 0% - 60%
2 - 0% - 40%
PK3 Defense
1 - 0% - 60%
2 - 0% - 40%
44 Forward
1 - 0% - 60%
2 - 0% - 40%
44 Defense
1 - 0% - 60%
2 - 0% - 40%
Last Minute Offensive  - 0:00
Last Minute Defensive  - 0:00
Total
Forward - 60:00
Defense - 60:00

Play-by-Play

1st period


0:01 of 1st period - Bo Horvat wins face-off versus Jonathan Marchessault in neutral zone.
1:53 of 1st period - Snap shot by Iiro Pakarinen.
1:53 of 1st period - Deflect By Pavel Zacha.
1:53 of 1st period - Shot Misses the Net.
1:53 of 1st period - Puck is out of play.
1:54 of 1st period - Drake Caggiula wins face-off versus Pavel Zacha in Sewer Rats zone.
1:59 of 1st period - Wrist shot by Pavel Zacha.
1:59 of 1st period - Shot Blocked by John Ramage.
2:01 of 1st period - Wrist shot by Iiro Pakarinen.
2:01 of 1st period - Shot Misses the Net.
2:27 of 1st period - Snap shot by Mark Mancari.
2:27 of 1st period - Shot Misses the Net.
2:29 of 1st period - Slapshot by John Ramage.
2:29 of 1st period - Stopped by Malcolm Subban without a rebound.
2:30 of 1st period - Bo Horvat wins face-off versus Jared McCann in Influenza zone.
2:30 of 1st period - Bo Horvat is hit by Nick Cousins.
2:40 of 1st period - Snap shot by Bo Horvat.
2:40 of 1st period - Shot Misses the Net.
2:56 of 1st period - Xavier Ouellet is hit by JT Compher and loses puck.
3:46 of 1st period - Wrist shot by Lucas Lessio.
3:46 of 1st period - Deflect By Brock Boeser.
3:46 of 1st period - Stopped by Marek Mazanek without a rebound.
3:47 of 1st period - Mark Mancari wins face-off versus Bo Horvat in Sewer Rats zone.
4:12 of 1st period - Noah Hanifin is hit by Erik Condra and loses puck.
4:17 of 1st period - Snap shot by Erik Condra.
4:17 of 1st period - Shot Blocked by Roland McKeown.
4:19 of 1st period - Wrist shot by Joseph Blandisi.
4:19 of 1st period - Shot Misses the Net.
4:21 of 1st period - Wrist shot by Joseph Blandisi.
4:21 of 1st period - Stopped by Malcolm Subban with a rebound.
4:23 of 1st period - Slapshot by John Ramage.
4:23 of 1st period - Deflect By Joseph Blandisi.
4:23 of 1st period - Shot Misses the Net.
4:23 of 1st period - Puck is out of play.
4:24 of 1st period - Max Domi wins face-off versus Jared McCann in Influenza zone.
4:58 of 1st period - Snap shot by Jonathan Marchessault.
4:58 of 1st period - Stopped by Malcolm Subban with a rebound.
5:12 of 1st period - Snap shot by Colton Sissons.
5:12 of 1st period - Stopped by Marek Mazanek with a rebound.
5:40 of 1st period - Wrist shot by Zach Aston-Reese.
5:40 of 1st period - Shot Blocked by Dmitry Sinitsyn.
6:02 of 1st period - Snap shot by Anthony Duclair.
6:02 of 1st period - Shot Blocked by Anthony Bitetto.
6:40 of 1st period - Wrist shot by Lucas Lessio.
6:40 of 1st period - Deflect By Brock Boeser.
6:40 of 1st period - Shot Blocked by Connor Carrick.
6:40 of 1st period - Puck is out of play.
6:41 of 1st period - Drake Caggiula wins face-off versus Colton Sissons in Sewer Rats zone.
6:53 of 1st period - Off-side.
6:54 of 1st period - Bo Horvat wins face-off versus Jonathan Marchessault in neutral zone.
6:57 of 1st period - Stefan Elliott is hit by Noah Hanifin and loses puck.
7:04 of 1st period - Wrist shot by Bo Horvat.
7:04 of 1st period - Shot Blocked by Stefan Elliott.
7:06 of 1st period - Slapshot by Noah Hanifin.
7:06 of 1st period - Shot Misses the Net.
7:08 of 1st period - Snap shot by Noah Hanifin.
7:08 of 1st period - Stopped by Marek Mazanek with a rebound.
7:20 of 1st period - Noah Hanifin is hit by Stefan Elliott and loses puck.
7:27 of 1st period - Wrist shot by Erik Condra.
7:27 of 1st period - Stopped by Malcolm Subban without a rebound.
7:28 of 1st period - Jared McCann wins face-off versus Bo Horvat in Influenza zone.
7:29 of 1st period - Snap shot by Nick Cousins.
7:29 of 1st period - Shot Blocked by Tim Erixon.
7:31 of 1st period - Wrist shot by Anthony Duclair.
7:31 of 1st period - Deflect By Jared McCann.
7:31 of 1st period - Shot Blocked by Anthony Bitetto.
7:31 of 1st period - Puck is out of play.
7:32 of 1st period - Bo Horvat wins face-off versus Jared McCann in Influenza zone.
7:46 of 1st period - Snap shot by Anthony Duclair.
7:46 of 1st period - Stopped by Malcolm Subban without a rebound.
7:47 of 1st period - Daniel Carr wins face-off versus Pavel Zacha in Influenza zone.
8:03 of 1st period - Iiro Pakarinen is hit by Mark Mancari and loses puck.
8:45 of 1st period - Slapshot by Lucas Lessio.
8:45 of 1st period - Stopped by Marek Mazanek with a rebound.
8:57 of 1st period - Slapshot by Lucas Lessio.
8:57 of 1st period - Stopped by Marek Mazanek without a rebound.
8:58 of 1st period - Zach Aston-Reese wins face-off versus Shane Prince in Sewer Rats zone.
8:58 of 1st period - Zach Aston-Reese is hit by Johan Larsson.
11:02 of 1st period - Wrist shot by Bo Horvat.
11:02 of 1st period - Shot Blocked by Thomas Chabot.
11:14 of 1st period - Slapshot by Iiro Pakarinen.
11:14 of 1st period - Shot Misses the Net.
11:16 of 1st period - Snap shot by JT Compher.
11:16 of 1st period - Deflect By Iiro Pakarinen.
11:16 of 1st period - Shot Misses the Net.
11:16 of 1st period - Puck is out of play.
11:17 of 1st period - Drake Caggiula wins face-off versus Pavel Zacha in Sewer Rats zone.
11:47 of 1st period - Stefan Elliott is hit by Iiro Pakarinen and loses puck.
12:07 of 1st period - Mark Mancari is hit by Bo Horvat and loses puck.
12:28 of 1st period - Wrist shot by Zach Aston-Reese.
12:28 of 1st period - Stopped by Malcolm Subban without a rebound.
12:29 of 1st period - Colton Sissons wins face-off versus Tyler Motte in Influenza zone.
12:29 of 1st period - Colton Sissons is hit by Tyler Motte.
12:43 of 1st period - Snap shot by Colton Sissons.
12:43 of 1st period - Stopped by Marek Mazanek with a rebound.
12:45 of 1st period - Slapshot by Lucas Lessio.
12:45 of 1st period - Stopped by Marek Mazanek with a rebound.
12:47 of 1st period - Wrist shot by Tim Erixon.
12:47 of 1st period - Shot Misses the Net.
12:49 of 1st period - Slapshot by Anthony Bitetto.
12:49 of 1st period - Deflect By Jarred Tinordi.
12:49 of 1st period - Stopped by Marek Mazanek with a rebound.
13:09 of 1st period - Snap shot by Colton Sissons.
13:09 of 1st period - Shot Blocked by Jarred Tinordi.
13:13 of 1st period - Snap shot by Lucas Lessio.
13:13 of 1st period - Stopped by Marek Mazanek without a rebound.
13:14 of 1st period - Jonathan Marchessault wins face-off versus Bo Horvat in Sewer Rats zone.
13:16 of 1st period - Minor Penalty to Daniel Carr for Holding.
13:17 of 1st period - Mark Mancari wins face-off versus Bo Horvat in Sewer Rats zone.
14:29 of 1st period - Mark Mancari is hit by Justin Bailey.
15:16 of 1st period - Penalty to Daniel Carr is over, Daniel Carr is back on ice.
15:22 of 1st period - Daniel Carr is hit by Colton Sissons and loses puck.
15:39 of 1st period - Slapshot by Zach Aston-Reese.
15:39 of 1st period - Shot Hit the Post.
15:43 of 1st period - Snap shot by Dmitrij Jaskin.
15:43 of 1st period - Shot Blocked by Markus Nutivaara.
15:47 of 1st period - Snap shot by Tyler Motte.
15:47 of 1st period - Shot Blocked by Dmitry Sinitsyn.
15:49 of 1st period - Snap shot by Dmitrij Jaskin.
15:49 of 1st period - Goal by Dmitrij Jaskin - Sewer Rats : 1 - Influenza : 0.
15:50 of 1st period - Bo Horvat wins face-off versus Jonathan Marchessault in neutral zone.
16:26 of 1st period - Snap shot by Joseph Blandisi.
16:26 of 1st period - Stopped by Malcolm Subban with a rebound.
16:44 of 1st period - Wrist shot by Nick Cousins.
16:44 of 1st period - Goal by Nick Cousins - Sewer Rats : 2 - Influenza : 0.
16:45 of 1st period - Jonathan Marchessault wins face-off versus Bo Horvat in neutral zone.
17:12 of 1st period - Jarred Tinordi is hit by Iiro Pakarinen and loses puck.
18:20 of 1st period - Snap shot by Max Domi.
18:20 of 1st period - Stopped by Marek Mazanek with a rebound.
18:30 of 1st period - Snap shot by Jonathan Marchessault.
18:30 of 1st period - Shot Misses the Net.
18:32 of 1st period - Slapshot by Connor Carrick.
18:32 of 1st period - Deflect By JT Compher.
18:32 of 1st period - Stopped by Malcolm Subban without a rebound.
18:33 of 1st period - Jonathan Marchessault wins face-off versus Pavel Zacha in Influenza zone.
18:46 of 1st period - Wrist shot by Jonathan Marchessault.
18:46 of 1st period - Stopped by Malcolm Subban without a rebound.
18:47 of 1st period - Bo Horvat wins face-off versus Jonathan Marchessault in Influenza zone.
18:49 of 1st period - Minor Penalty to Anthony Bitetto for Holding.
18:50 of 1st period - Tom Kuhnhackl wins face-off versus Jonathan Marchessault in Influenza zone.
19:22 of 1st period - Snap shot by Joseph Blandisi.
19:22 of 1st period - Shot Misses the Net.
19:24 of 1st period - Snap shot by Drake Caggiula.
19:24 of 1st period - Shot Misses the Net.
19:26 of 1st period - Slapshot by Stefan Elliott.
19:26 of 1st period - Shot Misses the Net.
19:50 of 1st period - Tim Erixon is hit by Joseph Blandisi and loses puck.
Goals for this period are 2 for Sewer Rats vs 0 for Influenza.
Shots for this period are 11 for Sewer Rats vs 10 for Influenza.

2nd period


0:01 of 2nd period - Jonathan Marchessault wins face-off versus Colton Sissons in neutral zone.
0:04 of 2nd period - Noah Hanifin is hit by Jonathan Marchessault and loses puck.
0:05 of 2nd period - Noah Hanifin from Influenza is injured at 0:05 of 2nd period (Sprained Right Ankle).
0:06 of 2nd period - Jonathan Marchessault wins face-off versus Colton Sissons in Influenza zone.
0:07 of 2nd period - Snap shot by Mark Mancari.
0:07 of 2nd period - Shot Misses the Net.
0:09 of 2nd period - Wrist shot by Daniel Carr.
0:09 of 2nd period - Stopped by Malcolm Subban with a rebound.
0:13 of 2nd period - Slapshot by Stefan Elliott.
0:13 of 2nd period - Shot Blocked by Tim Erixon.
0:44 of 2nd period - Drake Caggiula is hit by Lucas Lessio and loses puck.
0:49 of 2nd period - Penalty to Anthony Bitetto is over, Anthony Bitetto is back on ice.
0:57 of 2nd period - Snap shot by JT Compher.
0:57 of 2nd period - Shot Blocked by Jarred Tinordi.
0:59 of 2nd period - Snap shot by Pavel Zacha.
0:59 of 2nd period - Deflect By Iiro Pakarinen.
0:59 of 2nd period - Stopped by Marek Mazanek with a rebound.
1:01 of 2nd period - Slapshot by Tim Erixon.
1:01 of 2nd period - Deflect By JT Compher.
1:01 of 2nd period - Shot Misses the Net.
1:01 of 2nd period - Puck is out of play.
1:02 of 2nd period - Jonathan Marchessault wins face-off versus JT Compher in Sewer Rats zone.
1:37 of 2nd period - Slapshot by Stefan Elliott.
1:37 of 2nd period - Shot Misses the Net.
1:39 of 2nd period - Wrist shot by Anthony Duclair.
1:39 of 2nd period - Stopped by Malcolm Subban with a rebound.
1:41 of 2nd period - Wrist shot by Anthony Duclair.
1:41 of 2nd period - Stopped by Malcolm Subban with a rebound.
1:43 of 2nd period - Snap shot by Joel Edmundson.
1:43 of 2nd period - Deflect By Anthony Duclair.
1:43 of 2nd period - Stopped by Malcolm Subban without a rebound.
1:44 of 2nd period - Bo Horvat wins face-off versus Drake Caggiula in Influenza zone.
1:51 of 2nd period - Snap shot by Erik Condra.
1:51 of 2nd period - Shot Blocked by Roland McKeown.
1:53 of 2nd period - Snap shot by Erik Condra.
1:53 of 2nd period - Shot Blocked by Bo Horvat.
1:55 of 2nd period - Slapshot by Stefan Elliott.
1:55 of 2nd period - Shot Blocked by Bo Horvat.
2:41 of 2nd period - Wrist shot by Anthony Duclair.
2:41 of 2nd period - Shot Misses the Net.
2:43 of 2nd period - Slapshot by Anthony Duclair.
2:43 of 2nd period - Stopped by Malcolm Subban without a rebound.
2:44 of 2nd period - Erik Condra wins face-off versus Bo Horvat in Influenza zone.
2:45 of 2nd period - Snap shot by Joseph Blandisi.
2:45 of 2nd period - Shot Misses the Net.
2:51 of 2nd period - Snap shot by Erik Condra.
2:51 of 2nd period - Stopped by Malcolm Subban without a rebound.
2:52 of 2nd period - Bo Horvat wins face-off versus Drake Caggiula in Influenza zone.
3:14 of 2nd period - Icing by Connor Carrick.
3:15 of 2nd period - Erik Condra wins face-off versus Pavel Zacha in Sewer Rats zone.
3:20 of 2nd period - Mark Mancari is hit by Iiro Pakarinen and loses puck.
3:28 of 2nd period - Minor Penalty to Daniel Carr for Hooking.
3:29 of 2nd period - Mark Mancari wins face-off versus Bo Horvat in Sewer Rats zone.
5:05 of 2nd period - Justin Bailey is hit by Anthony Duclair and loses puck.
5:09 of 2nd period - Icing by Bo Horvat.
5:10 of 2nd period - Bo Horvat wins face-off versus Anthony Duclair in Influenza zone.
5:28 of 2nd period - Penalty to Daniel Carr is over, Daniel Carr is back on ice.
5:42 of 2nd period - Snap shot by Erik Condra.
5:42 of 2nd period - Shot Misses the Net.
6:38 of 2nd period - Slapshot by Mark Mancari.
6:38 of 2nd period - Stopped by Malcolm Subban with a rebound.
7:05 of 2nd period - Snap shot by Joel Edmundson.
7:05 of 2nd period - Stopped by Malcolm Subban without a rebound.
7:06 of 2nd period - Shane Prince wins face-off versus Jonathan Marchessault in Influenza zone.
7:37 of 2nd period - Bo Horvat is hit by Stefan Elliott and loses puck.
7:49 of 2nd period - Icing by Drake Caggiula.
7:50 of 2nd period - Jared McCann wins face-off versus Pavel Zacha in Sewer Rats zone.
7:56 of 2nd period - Minor Penalty to Iiro Pakarinen for Tripping.
7:57 of 2nd period - Colton Sissons wins face-off versus Jonathan Marchessault in Influenza zone.
8:01 of 2nd period - Off-side.
8:02 of 2nd period - Colton Sissons wins face-off versus Jonathan Marchessault in neutral zone.
8:17 of 2nd period - Snap shot by Daniel Carr.
8:17 of 2nd period - Shot Blocked by Tom Kuhnhackl.
9:14 of 2nd period - Icing by Jarred Tinordi.
9:15 of 2nd period - Drake Caggiula wins face-off versus Pavel Zacha in Sewer Rats zone.
9:56 of 2nd period - Penalty to Iiro Pakarinen is over, Iiro Pakarinen is back on ice.
10:10 of 2nd period - Wrist shot by Max Domi.
10:10 of 2nd period - Stopped by Marek Mazanek with a rebound.
10:25 of 2nd period - Bo Horvat is hit by Zach Aston-Reese and loses puck.
10:46 of 2nd period - Snap shot by Drake Caggiula.
10:46 of 2nd period - Shot Misses the Net.
11:20 of 2nd period - Wrist shot by Nick Cousins.
11:20 of 2nd period - Deflect By Jared McCann.
11:20 of 2nd period - Goal by Jared McCann - Sewer Rats : 3 - Influenza : 0.
11:21 of 2nd period - Bo Horvat wins face-off versus Daniel Carr in neutral zone.
12:29 of 2nd period - Snap shot by Tom Kuhnhackl.
12:29 of 2nd period - Shot Misses the Net.
12:31 of 2nd period - Snap shot by Tom Kuhnhackl.
12:31 of 2nd period - Stopped by Marek Mazanek without a rebound.
12:32 of 2nd period - Jonathan Marchessault wins face-off versus Shane Prince in Sewer Rats zone.
12:43 of 2nd period - Daniel Carr is hit by Tim Erixon and loses puck.
12:48 of 2nd period - Snap shot by Shane Prince.
12:48 of 2nd period - Shot Misses the Net.
13:27 of 2nd period - Off-side.
13:28 of 2nd period - Drake Caggiula wins face-off versus Bo Horvat in neutral zone.
13:58 of 2nd period - Joel Edmundson is hit by Iiro Pakarinen and loses puck.
14:25 of 2nd period - Roland McKeown is hit by Connor Carrick and loses puck.
15:00 of 2nd period - Slapshot by Jonathan Marchessault.
15:00 of 2nd period - Stopped by Malcolm Subban without a rebound.
15:01 of 2nd period - Jonathan Marchessault wins face-off versus Bo Horvat in Influenza zone.
15:06 of 2nd period - Snap shot by Jonathan Marchessault.
15:06 of 2nd period - Goal by Jonathan Marchessault - Sewer Rats : 4 - Influenza : 0.
15:07 of 2nd period - Bo Horvat wins face-off versus Mark Mancari in neutral zone.
15:12 of 2nd period - Wrist shot by Justin Bailey.
15:12 of 2nd period - Shot Misses the Net.
15:33 of 2nd period - Joseph Blandisi is hit by Pavel Zacha and loses puck.
15:38 of 2nd period - Snap shot by JT Compher.
15:38 of 2nd period - Shot Blocked by Erik Condra.
15:40 of 2nd period - Slapshot by Markus Nutivaara.
15:40 of 2nd period - Deflect By Pavel Zacha.
15:40 of 2nd period - Stopped by Marek Mazanek with a rebound.
15:42 of 2nd period - Backhand shot by JT Compher.
15:42 of 2nd period - Shot Misses the Net.
15:44 of 2nd period - Snap shot by Pavel Zacha.
15:44 of 2nd period - Shot Misses the Net.
15:46 of 2nd period - Slapshot by Pavel Zacha.
15:46 of 2nd period - Deflect By JT Compher.
15:46 of 2nd period - Shot Blocked by Joel Edmundson.
15:46 of 2nd period - Puck is out of play.
15:47 of 2nd period - Jonathan Marchessault wins face-off versus Colton Sissons in Sewer Rats zone.
15:49 of 2nd period - Minor Penalty to Jarred Tinordi for Hooking.
15:50 of 2nd period - Bo Horvat wins face-off versus Jonathan Marchessault in Sewer Rats zone.
16:00 of 2nd period - Snap shot by Max Domi.
16:00 of 2nd period - Stopped by Marek Mazanek with a rebound.
16:02 of 2nd period - Snap shot by Justin Bailey.
16:02 of 2nd period - Stopped by Marek Mazanek with a rebound.
16:45 of 2nd period - Max Domi is hit by Ryan Murphy and loses puck.
17:49 of 2nd period - Penalty to Jarred Tinordi is over, Jarred Tinordi is back on ice.
17:58 of 2nd period - Snap shot by Ryan Murphy.
17:58 of 2nd period - Deflect By Drake Caggiula.
17:58 of 2nd period - Stopped by Malcolm Subban with a rebound.
18:00 of 2nd period - Snap shot by Erik Condra.
18:00 of 2nd period - Shot Misses the Net.
18:08 of 2nd period - Drake Caggiula is hit by Shane Prince and loses puck.
18:33 of 2nd period - Markus Nutivaara is hit by Stefan Elliott and loses puck.
18:56 of 2nd period - Icing by Markus Nutivaara.
18:57 of 2nd period - Drake Caggiula wins face-off versus Johan Larsson in Influenza zone.
19:06 of 2nd period - Wrist shot by Jonathan Marchessault.
19:06 of 2nd period - Stopped by Malcolm Subban with a rebound.
19:29 of 2nd period - Slapshot by Nick Cousins.
19:29 of 2nd period - Shot Blocked by Dmitry Sinitsyn.
19:31 of 2nd period - Wrist shot by Anthony Duclair.
19:31 of 2nd period - Shot Misses the Net.
19:33 of 2nd period - Snap shot by Jared McCann.
19:33 of 2nd period - Stopped by Malcolm Subban without a rebound.
19:34 of 2nd period - Jared McCann wins face-off versus Bo Horvat in Influenza zone.
Goals for this period are 2 for Sewer Rats vs 0 for Influenza.
Shots for this period are 14 for Sewer Rats vs 6 for Influenza.

3rd period


0:01 of 3rd period - Bo Horvat wins face-off versus Jonathan Marchessault in neutral zone.
0:27 of 3rd period - Minor Penalty to Anthony Bitetto for Hooking.
0:28 of 3rd period - Colton Sissons wins face-off versus Jonathan Marchessault in Influenza zone.
1:01 of 3rd period - Icing by Drake Caggiula.
1:02 of 3rd period - Drake Caggiula wins face-off versus Bo Horvat in Sewer Rats zone.
1:09 of 3rd period - Slapshot by Stefan Elliott.
1:09 of 3rd period - Shot Blocked by Tim Erixon.
1:19 of 3rd period - Snap shot by Joseph Blandisi.
1:19 of 3rd period - Shot Blocked by Tim Erixon.
1:21 of 3rd period - Slapshot by Thomas Chabot.
1:21 of 3rd period - Shot Misses the Net.
1:23 of 3rd period - Snap shot by Drake Caggiula.
1:23 of 3rd period - Shot Misses the Net.
1:27 of 3rd period - Slapshot by Stefan Elliott.
1:27 of 3rd period - Stopped by Malcolm Subban without a rebound.
1:28 of 3rd period - Colton Sissons wins face-off versus Jonathan Marchessault in Influenza zone.
1:28 of 3rd period - Colton Sissons is hit by Daniel Carr.
2:27 of 3rd period - Penalty to Anthony Bitetto is over, Anthony Bitetto is back on ice.
2:37 of 3rd period - Slapshot by Markus Nutivaara.
2:37 of 3rd period - Shot Misses the Net.
2:59 of 3rd period - Minor Penalty to Nick Cousins for Boarding.
3:00 of 3rd period - Mark Mancari wins face-off versus Bo Horvat in Sewer Rats zone.
3:08 of 3rd period - Snap shot by Jonathan Marchessault.
3:08 of 3rd period - Shot Misses the Net.
3:33 of 3rd period - Off-side.
3:34 of 3rd period - Bo Horvat wins face-off versus Daniel Carr in neutral zone.
3:41 of 3rd period - Snap shot by Bo Horvat.
3:41 of 3rd period - Deflect By Max Domi.
3:41 of 3rd period - Goal by Max Domi - Sewer Rats : 4 - Influenza : 1.
3:42 of 3rd period - Bo Horvat wins face-off versus Jonathan Marchessault in neutral zone.
4:07 of 3rd period - Jonathan Marchessault is hit by Colton Sissons and loses puck.
4:36 of 3rd period - Wrist shot by Mark Mancari.
4:36 of 3rd period - Shot Misses the Net.
5:44 of 3rd period - Slapshot by Dmitry Sinitsyn.
5:44 of 3rd period - Stopped by Marek Mazanek without a rebound.
5:45 of 3rd period - Pavel Zacha wins face-off versus Zach Aston-Reese in Sewer Rats zone.
5:46 of 3rd period - Snap shot by Iiro Pakarinen.
5:46 of 3rd period - Stopped by Marek Mazanek with a rebound.
6:10 of 3rd period - Stefan Elliott is hit by Max Domi and loses puck.
6:17 of 3rd period - Snap shot by Drake Caggiula.
6:17 of 3rd period - Stopped by Malcolm Subban with a rebound.
6:30 of 3rd period - Icing by Max Domi.
6:31 of 3rd period - Jared McCann wins face-off versus Colton Sissons in Influenza zone.
6:34 of 3rd period - Snap shot by Nick Cousins.
6:34 of 3rd period - Stopped by Malcolm Subban without a rebound.
6:35 of 3rd period - Jared McCann wins face-off versus Colton Sissons in Influenza zone.
7:00 of 3rd period - Off-side.
7:01 of 3rd period - Bo Horvat wins face-off versus Jonathan Marchessault in neutral zone.
7:18 of 3rd period - Icing by Mark Mancari.
7:19 of 3rd period - Pavel Zacha wins face-off versus Jonathan Marchessault in Sewer Rats zone.
7:43 of 3rd period - Tim Erixon is hit by Mark Mancari and loses puck.
8:04 of 3rd period - Wrist shot by Iiro Pakarinen.
8:04 of 3rd period - Shot Misses the Net.
8:06 of 3rd period - Slapshot by Anthony Bitetto.
8:06 of 3rd period - Deflect By JT Compher.
8:06 of 3rd period - Shot Blocked by Daniel Carr.
8:06 of 3rd period - Puck is out of play.
8:07 of 3rd period - Drake Caggiula wins face-off versus Bo Horvat in Sewer Rats zone.
8:14 of 3rd period - Justin Bailey is hit by Drake Caggiula and loses puck.
8:33 of 3rd period - Bo Horvat is hit by Joel Edmundson.
8:37 of 3rd period - Snap shot by Max Domi.
8:37 of 3rd period - Shot Misses the Net.
8:48 of 3rd period - Dmitrij Jaskin is hit by Justin Bailey and loses puck.
8:57 of 3rd period - Ryan Murphy is hit by Justin Bailey and loses puck.
9:07 of 3rd period - Off-side.
9:08 of 3rd period - Iiro Pakarinen wins face-off versus Jonathan Marchessault in neutral zone.
9:13 of 3rd period - Snap shot by Iiro Pakarinen.
9:13 of 3rd period - Deflect By Pavel Zacha.
9:13 of 3rd period - Shot Misses the Net.
9:13 of 3rd period - Puck is out of play.
9:14 of 3rd period - Jonathan Marchessault wins face-off versus Pavel Zacha in Sewer Rats zone.
9:43 of 3rd period - Snap shot by Tom Kuhnhackl.
9:43 of 3rd period - Stopped by Marek Mazanek with a rebound.
9:45 of 3rd period - Slapshot by Anthony Bitetto.
9:45 of 3rd period - Stopped by Marek Mazanek without a rebound.
9:46 of 3rd period - Drake Caggiula wins face-off versus Shane Prince in Sewer Rats zone.
10:03 of 3rd period - Wrist shot by Shane Prince.
10:03 of 3rd period - Deflect By Tom Kuhnhackl.
10:03 of 3rd period - Shot Hit the Post.
10:03 of 3rd period - Puck is out of play.
10:04 of 3rd period - Daniel Carr wins face-off versus Bo Horvat in Sewer Rats zone.
10:09 of 3rd period - Snap shot by Jonathan Marchessault.
10:09 of 3rd period - Shot Blocked by Justin Bailey.
10:11 of 3rd period - Slapshot by Jarred Tinordi.
10:11 of 3rd period - Goal by Jarred Tinordi - Sewer Rats : 5 - Influenza : 1.
10:12 of 3rd period - Jonathan Marchessault wins face-off versus Justin Bailey in neutral zone.
10:19 of 3rd period - Slapshot by Jonathan Marchessault.
10:19 of 3rd period - Shot Misses the Net.
10:21 of 3rd period - Slapshot by Daniel Carr.
10:21 of 3rd period - Deflect By Mark Mancari.
10:21 of 3rd period - Shot Misses the Net.
10:21 of 3rd period - Puck is out of play.
10:22 of 3rd period - Bo Horvat wins face-off versus Jonathan Marchessault in Influenza zone.
10:24 of 3rd period - Minor Penalty to Justin Bailey for Roughing.
10:25 of 3rd period - Colton Sissons wins face-off versus Jonathan Marchessault in Influenza zone.
10:35 of 3rd period - Wrist shot by Jonathan Marchessault.
10:35 of 3rd period - Shot Misses the Net.
10:41 of 3rd period - Slapshot by Stefan Elliott.
10:41 of 3rd period - Stopped by Malcolm Subban with a rebound.
12:24 of 3rd period - Penalty to Justin Bailey is over, Justin Bailey is back on ice.
12:45 of 3rd period - Nick Cousins is hit by Max Domi and loses puck.
12:56 of 3rd period - Markus Nutivaara is hit by Jarred Tinordi and loses puck.
13:01 of 3rd period - Snap shot by Zach Aston-Reese.
13:01 of 3rd period - Shot Blocked by Iiro Pakarinen.
13:03 of 3rd period - Slapshot by Jarred Tinordi.
13:03 of 3rd period - Stopped by Malcolm Subban with a rebound.
13:29 of 3rd period - Snap shot by Markus Nutivaara.
13:29 of 3rd period - Stopped by Marek Mazanek without a rebound.
13:30 of 3rd period - Shane Prince wins face-off versus Jared McCann in Sewer Rats zone.
13:53 of 3rd period - Mark Mancari is hit by Justin Bailey and loses puck.
14:20 of 3rd period - Snap shot by Joseph Blandisi.
14:20 of 3rd period - Shot Misses the Net.
14:22 of 3rd period - Snap shot by Erik Condra.
14:22 of 3rd period - Stopped by Malcolm Subban with a rebound.
14:24 of 3rd period - Snap shot by Drake Caggiula.
14:24 of 3rd period - Goal by Drake Caggiula - Sewer Rats : 6 - Influenza : 1.
14:25 of 3rd period - Bo Horvat wins face-off versus Jonathan Marchessault in neutral zone.
14:25 of 3rd period - Bo Horvat is hit by Jarred Tinordi.
14:38 of 3rd period - Daniel Carr is hit by Bo Horvat and loses puck.
14:42 of 3rd period - Icing by Mark Mancari.
14:43 of 3rd period - Pavel Zacha wins face-off versus Jonathan Marchessault in Sewer Rats zone.
15:12 of 3rd period - Tim Erixon is hit by Mark Mancari and loses puck.
15:41 of 3rd period - Slapshot by Joseph Blandisi.
15:41 of 3rd period - Shot Misses the Net.
15:55 of 3rd period - Snap shot by Nick Cousins.
15:55 of 3rd period - Shot Misses the Net.
16:11 of 3rd period - JT Compher is hit by Tyler Motte and loses puck.
16:24 of 3rd period - Slapshot by Markus Nutivaara.
16:24 of 3rd period - Stopped by Marek Mazanek without a rebound.
16:25 of 3rd period - Joseph Blandisi wins face-off versus Bo Horvat in Sewer Rats zone.
16:34 of 3rd period - Wrist shot by Joseph Blandisi.
16:34 of 3rd period - Shot Misses the Net.
16:36 of 3rd period - Wrist shot by Joseph Blandisi.
16:36 of 3rd period - Deflect By Max Domi.
16:36 of 3rd period - Shot Misses the Net.
16:36 of 3rd period - Puck is out of play.
16:37 of 3rd period - Max Domi wins face-off versus Jonathan Marchessault in Influenza zone.
17:11 of 3rd period - Snap shot by Pavel Zacha.
17:11 of 3rd period - Shot Blocked by Anthony Duclair.
17:21 of 3rd period - Minor Penalty to Markus Nutivaara for Holding.
17:22 of 3rd period - Jonathan Marchessault wins face-off versus Colton Sissons in Influenza zone.
17:35 of 3rd period - Slapshot by Daniel Carr.
17:35 of 3rd period - Stopped by Malcolm Subban without a rebound.
17:36 of 3rd period - Colton Sissons wins face-off versus Jonathan Marchessault in Influenza zone.
17:36 of 3rd period - Colton Sissons is hit by Mark Mancari.
18:07 of 3rd period - Snap shot by Jonathan Marchessault.
18:07 of 3rd period - Goal by Jonathan Marchessault - Sewer Rats : 7 - Influenza : 1.
18:08 of 3rd period - Drake Caggiula wins face-off versus Bo Horvat in neutral zone.
18:21 of 3rd period - Snap shot by Joseph Blandisi.
18:21 of 3rd period - Stopped by Malcolm Subban with a rebound.
18:27 of 3rd period - Drake Caggiula is hit by Bo Horvat and loses puck.
18:46 of 3rd period - Slapshot by Daniel Carr.
18:46 of 3rd period - Shot Hit the Post.
18:59 of 3rd period - Tim Erixon is hit by Ryan Murphy and loses puck.
19:14 of 3rd period - Minor Penalty to Jarred Tinordi for Slashing.
19:15 of 3rd period - Mark Mancari wins face-off versus Max Domi in Sewer Rats zone.
19:26 of 3rd period - Joel Edmundson is hit by Markus Nutivaara and loses puck.
Goals for this period are 3 for Sewer Rats vs 1 for Influenza.
Shots for this period are 11 for Sewer Rats vs 7 for Influenza.